 Dungeon Crawl Stone Soup version 0.30.0-15-g856e2d3f33 (webtiles) character file.

Game seed: 9507550789891244919

46 SnakkuSnakku7 the Trooper (level 3, -2/30 HPs)
             Began as a Ghoul Hexslinger on May 20, 2023.
             Slain by a gnoll
             ... wielding a +0 spear
              (3 damage)
             ... on level 2 of the Dungeon.
             The game lasted 00:01:46 (1139 turns).

SnakkuSnakku7 the Trooper (Ghoul Hexslinger)        Turns: 1139, Time: 00:01:47

Health: -2/30      AC:  4    Str: 15    XL:     3   Next: 66%
Magic:  3/3        EV: 11    Int:  8    God:
Gold:   66         SH:  0    Dex:  9    Spells: 3/4 levels left

rFire   . .          .
                       - Unarmed
rCold   + . .        (no shield)
rNeg    + + +        d - +0 leather armour
rPois   ∞            g - +0 helmet
rElec   .            (no cloak)
rCorr   .            (no gloves)
SInv    .            (no boots)
Will    .....        (no amulet)
Stlth   +            (no ring)
HPRegen 0.00/turn    (no ring)
MPRegen 0.08/turn

%: no passive effects
@: inhibited regen
A: claws 1, cold resistance 1, negative energy resistance 3, inhibited
regeneration, torment resistance 2, devour on kill
a: no special abilities


You were on level 2 of the Dungeon.
You visited 1 branch of the dungeon, and saw 2 of its levels.

You collected 66 gold pieces.

Inventory:

Hand Weapons
 a - a +1 sling
Armour
 c - a +0 robe
 d - a +0 leather armour (worn)
 g - a +0 helmet (worn)
Scrolls
 b - a scroll of poison
 f - a scroll of blinking {unknown}
 h - a scroll of identify {unknown}
 j - a scroll of amnesia {unknown}
 l - a scroll of enchant armour {unknown}
Potions
 i - a potion of flight {unknown}


   Skills:
 + Level 2.7 Fighting
 - Level 1.7 Ranged Weapons
 - Level 1.7 Dodging
 + Level 2.3 Unarmed Combat
 - Level 1.0 Spellcasting
 - Level 2.4 Hexes


You had 3 spell levels left.
You knew the following spells:

 Your Spells              Type           Power      Damage    Failure   Level
a - Slow                  Hex            16%        N/A       19%         1

Your spell library contained the following spells:

 Spells                   Type           Power      Damage    Failure   Level
 Inner Flame              Hex/Fire       2%         N/A       65%         3
 Portal Projectile        Hex/Tloc       4%         N/A       65%         3
 Cause Fear               Hex            2%         N/A       88%         4


Dungeon Overview and Level Annotations

Branches:
Dungeon (2/15)

Altars:


Innate Abilities, Weirdness & Mutations

You are immune to poison.
You have sharp fingernails.
Your flesh is cold resistant. (rC+)
You are immune to negative energy. (rN+++)
You do not regenerate when monsters are visible.
You are immune to unholy pain and torment.
You thrive by killing the living.


Message History

Aim: a gnoll, wielding a +0 spear (heavily wounded, 56% to hit)
You shoot a sling bullet. The sling bullet hits the gnoll.
The gnoll is severely wounded.
Your extra speed is starting to run out.
Fire: a) +1 sling
Press: ? - help, Q - select action, (/) - cycle Shift-Dir - straight line, f/p - gnoll
Aim: a gnoll, wielding a +0 spear (severely wounded, 56% to hit)
You shoot a sling bullet.
The sling bullet closely misses the gnoll.
Unknown command.
Fire: a) +1 sling
Press: ? - help, Q - select action, (/) - cycle Shift-Dir - straight line, f/p - gnoll
Aim: a gnoll, wielding a +0 spear (severely wounded, 56% to hit)
You shoot a sling bullet.
The sling bullet closely misses the gnoll.
Unknown command.
A rat comes into view.
You feel yourself slow down.
You are now empty-clawed.
The rat bites you.
* * * LOW HITPOINT WARNING * * *
You barely miss the rat. The rat barely misses you.
You scratch the rat.
You kill the rat!
The gnoll closely misses you.
You see here a +0 trident.
Throw: throwing net
Press: ? - help, Shift-Dir - straight line, f/p - gnoll
Aim: a gnoll, wielding a +0 spear (severely wounded, 58% to hit)
You throw a throwing net.
The throwing net closely misses the gnoll.
The gnoll hits you from afar with a +0 spear.
* * * LOW HITPOINT WARNING * * *
You see here a throwing net.
You see here a +0 spear.
A gnoll comes into view. It is wielding a +0 spear.
The gnoll hits you with a +0 spear.
* * * LOW HITPOINT WARNING * * *
The gnoll attacks as you move away! The gnoll hits you but does no damage.
The gnoll hits you from afar with a +0 spear.
You die...

##.##### #(....#
#.# ##...## #.#
##.#.## #.#
######.###.## #.#
#.....## ##(# #.#
#.####g###.##
#.####g## ##.#g.#
#.).g...# ##.#.##
######@.# #....##
#..# ###.....##
#..# #........####
#..###.........)..
#..##.........####
#..##.>#.....##
#####..#........##
.............#####
######...........


You could see 2 gnolls.

Vanquished Creatures
  2 gnolls
  A worm (D:2)
  2 bats (D:1)
  4 endoplasms
  A giant cockroach (D:2)
  2 goblins (D:1)
  2 jackals (D:1)
  A kobold (D:1)
  2 quokkas
  A ball python (D:2)
  2 frilled lizards (D:1)
  A rat (D:2)
21 creatures vanquished.

Notes
Turn   | Place    | Note
-------+----------+-------------------------------------------
     0 | D:1      | SnakkuSnakku7 the Ghoul Hexslinger began the quest for the
                  | Orb.
     0 | D:1      | Reached XP level 1. HP: 16/16 MP: 1/1
   122 | D:1      | Reached skill level 1 in Unarmed Combat
   124 | D:1      | Reached XP level 2. HP: 24/24 MP: 2/2
   174 | D:1      | Found a faded altar of an unknown god.
   365 | D:1      | HP: 1/24 [jackal (2)]
   999 | D:1      | Reached XP level 3. HP: 29/30 MP: 1/3
  1138 | D:2      | HP: 1/30 [gnoll/+0 spear (4)]
  1139 | D:2      | Slain by a gnoll

Illustrated notes

Levels and vault maps discovered:
D:1:      elethiomel_arrival_shortcut, layout_loops_ring,
          ebering_ecumenical_altar_abandoned, chequers_serial_rivers_micro_a
D:2:      layout_loops_ring, hangedman_decor_clover_reticule,
          minmay_pentomino_r2

Skill      XL: |  1  2 |
---------------+-------+-----
Unarmed Combat | 1 2 |  2.3
Fighting       | 2 |  2.7
Ranged Weapons | |  1.7
Dodging        | |  1.7
Spellcasting   | |  1.0
Hexes          | |  2.4

Action                     || total
---------------------------++-------
  Melee: Unarmed           ||    52
         Punch             ||     2
   Fire: Sling             ||    60
  Throw: Throwing net      ||     1
   Cast: Slow              ||     1
    Use: Potion            ||     1
 Armour: Leather armour    ||    22
  Dodge: Dodged            ||    56
